 Dungeon Crawl Stone Soup version 0.27-a0-1123-g2f9bb313c0 (webtiles) character file.

Game seed: 15708918398921732789

140 Zeld the Shield-Bearer (level 5, -5/37 HPs)
             Began as an Octopode Fighter on May 3, 2021.
             Slain by a goblin
             ... wielding a +0 dagger
             ... led by Robin
              (6 damage)
             ... on level 4 of the Dungeon.
             The game lasted 00:02:20 (3127 turns).

Zeld the Shield-Bearer (Octopode Fighter)           Turns: 3127, Time: 00:02:21

Health: -5/37      AC:  1    Str: 16    XL:     5   Next: 22%
Magic:  5/5        EV: 11    Int: 11    God:
Gold:   116        SH:  9    Dex: 11    Spells: 4/4 levels left

rFire    + . .     SeeInvis .   a - +0 war axe
rCold    + . .     Faith    .   b - +0 kite shield
rNeg     . . .     Spirit   .   (helmet restricted)
rPois    +         Reflect  .   (no amulet)
rElec    +         Harm     .   (no ring)
rCorr    +         Rampage  .   (no ring)
Will     .....                  (no ring)
Stlth    ++........             (no ring)
HPRegen  0.12/turn              (no ring)
MPRegen  0.09/turn              (no ring)
                                (no ring)
                                (no ring)

@: resistant, attractive
A: almost no armour, amphibious, 8 rings, camouflage 1, gelatinous body 1,
(nimble swimmer 1), tentacles
a: no special abilities


You were on level 4 of the Dungeon.
You visited 1 branch of the dungeon, and saw 4 of its levels.

You collected 116 gold pieces.

Inventory:

Hand Weapons
 a - a +0 war axe (weapon)
Armour
 b - a +0 kite shield (worn)
Wands
 j - a wand of paralysis (11)
Scrolls
 h - 6 scrolls of identify {unknown}
Potions
 c - a potion of might
 d - 3 potions of magic
 f - a potion of degeneration {unknown}
 g - a potion of resistance


   Skills:
 * Level 4.1 Fighting
 * Level 3.4 Axes
 - Level 3.0 Dodging
 * Level 4.1 Shields


You had 4 spell levels left.
You didn't know any spells.
Your spell library contained the following spells:

 Spells                   Type           Power      Damage    Failure   Level
 Confusing Touch          Hex            0%         N/A       99%         3
 Gell's Gravitas          Tloc           0%         N/A       99%         3
 Petrify                  Tmut/Erth      0%         N/A       100%        4
 Metabolic Englaciation   Hex/Ice        0%         N/A       100%        5
 Yara's Violent Unravell  Hex/Tmut       0%         3d3       100%        5


Dungeon Overview and Level Annotations

Branches:
Dungeon (4/15)             Temple (0/1) D:4

Altars:
Ashenzari
Qazlal
Sif Muna
Uskayaw
Vehumet

Annotations:
D:4 Robin


Innate Abilities, Weirdness & Mutations

You cannot wear most types of armour.
You are amphibious.
You can wear up to eight rings at the same time.
Your skin changes colour to match your surroundings (Stealth+).
Your rubbery body absorbs attacks. (AC +1, EV +1)
((You are camouflaged near water. (Stealth+)))
You have tentacles for arms and can constrict up to eight enemies at once.


Message History

Robin roars a battlecry!
The goblins go into a battle-frenzy!
Robin throws the goblin at you!
You closely miss the goblin. You grab the goblin. You closely miss the goblin.
You constrict the goblin. You block the goblin's attack.
The goblin hits you with a +0 dagger. The goblin hits you with a +0 club.
The goblin closely misses you.
You hit the goblin but do no damage.
The goblin is severely wounded.
You barely miss the goblin. You constrict the goblin.
You kill the goblin!
Robin throws the goblin at you! The goblin hits you with a +0 dagger.
The goblin closely misses you. You block the goblin's attack. x2
You barely miss the goblin. Your grab misses the goblin.
You barely miss the goblin. The goblin hits you with a +0 club!
* * * LOW HITPOINT WARNING * * *
The goblin hits you with a +0 dagger.
* * * LOW HITPOINT WARNING * * *
Unknown command.
As you read the scroll labelled ENTEM KEMENE, it crumbles to dust.
You feel aware of your surroundings.
You sensed 5 shops/portals.
It was a scroll of magic mapping.
The goblin hits you with a +0 dagger.
* * * LOW HITPOINT WARNING * * *
The goblin closely misses you.
Unknown command.
As you read the scroll labelled MEV NOSIOLE, it crumbles to dust.
The scroll dissolves into smoke.
It was a scroll of fog.
The goblin hits you with a +0 dagger.
* * * LOW HITPOINT WARNING * * *
The goblin hits you but does no damage.
It was a potion of magic.
Magic courses through your body. The goblin closely misses you. x2
It was a potion of resistance.
You feel protected. The goblin barely misses you.
The goblin hits you with a +0 club.
* * * LOW HITPOINT WARNING * * *
It was a potion of attraction.
You feel attractive to monsters. The goblin hits you with a +0 dagger.
You die...

#.# #.# #...,,..*,* *,*
*,* #.# #.# #...,*.#*,*
*,* *,* #.# #.#
*...##.#*,* *,* *,*
#.###.# *#.##..##,****,*
*,* #.#...##
#......,,,,,,,****,*
#.#.#..#
#....#***,,,,,,,,,,*
#.._...# #..§§#
*,,,,,***,,*
#.#.##.#####..§g####,,,,,*
*,,*
#.#...#......###@#.#***,**
*,,* #.####.#####.# ##g#,*
*,* *,,* #.# ##.#####.#
#.#g#* *,* *,,*
#.###........#*##,#g#**,*
*,,*
..............,,***#gg,,**
*,,* .......####...,,*
*gg.,,***,,* ########
#....,****,g...,,,,,*
#....,,,,,,,..#***<**
******,,,,,,g..,,,,*


You could see 3 goblins.

Vanquished Creatures
  A centaur skeleton (D:2)
  An iguana (D:4)
  4 adders
  An orc (D:4)
  5 bats
  An endoplasm (D:1)
  2 giant cockroaches
  4 goblins
  6 hobgoblins
  7 jackals
  5 kobolds
  A quokka (D:1)
  A ball python (D:1)
  2 frilled lizards
  7 rats
48 creatures vanquished.

Notes
Turn   | Place    | Note
-------+----------+-------------------------------------------
     0 | D:1      | Zeld the Octopode Fighter began the quest for the Orb.
     0 | D:1      | Reached XP level 1. HP: 16/16 MP: 1/1
    73 | D:1      | Reached XP level 2. HP: 16/21 MP: 2/2
   412 | D:2      | Reached XP level 3. HP: 12/26 MP: 3/3
  1255 | D:2      | Found a radiant altar of Vehumet.
  1323 | D:2      | Reached XP level 4. HP: 17/33 MP: 4/4
  2640 | D:3      | Found a faded altar of an unknown god.
  2681 | D:3      | Found a shimmering blue altar of Sif Muna.
  2681 | D:3      | Found a radiant altar of Vehumet.
  2737 | D:3      | Found a stormy altar of Qazlal.
  2746 | D:3      | Found a broken altar of Ashenzari.
  2996 | D:4      | Found a hide-covered altar of Uskayaw.
  3044 | D:4      | Reached XP level 5. HP: 29/37 MP: 5/5
  3117 | D:4      | Noticed Robin
  3126 | D:4      | HP: 1/37 [goblin/+0 club[Robin] (1)]
  3127 | D:4      | Slain by a goblin

Illustrated notes

Levels and vault maps discovered:
D:1:      eino_arrival_tree_alley, layout_basic, amcnicky_mini_pool_small
D:2:      layout_basic, basic_altar
D:3:      layout_loops_ring, minitemple, gammafunk_temple_overflow_wave,
          shapermc_ecumenical_altar_mp_vishouse, grunt_decor_one_mirror
D:4:      layout_loops_ring, lemuel_crystal_altar, minmay_temple_entry_trees,
          serial_shops, nicolae_shop_behind_doors, shop, shop, shop,
          kennysheep_mini, serial_bayou_pond_d, minivault_24, uniq_eustachio,
          uniq_grinder, uniq_robin, uniq_ijyb

Skill      XL: |  1  2  3  4 |
---------------+-------------+-----
Axes           | 3 |  3.4
Fighting       | 4 |  4.1
Shields        | 4 |  4.1
Dodging        | |  3.0

Action                   |  1- 3 |  4- 6 || total
-------------------------+-------+-------++-------
Melee: War axe           |    49 |    36 ||    85
       Constrict         |    17 |     7 ||    24
       Tentacles         |     9 |     4 ||    13
  Use: Potion            |       |     3 ||     3
       Scroll            |       |     2 ||     2
 Stab: Sleeping          |     6 |     3 ||     9
Armor: Skin              |     3 |     2 ||     5
Dodge: Dodged            |    19 |    21 ||    40
Block: Kite shield       |    25 |    16 ||    41

Table legend: (Time is in decaauts)
 A = Elapsed time spent in this place.
 B = Non-inter-level travel time spent in this place.
 C = Inter-level travel time spent in this place.
 D = Time resting spent in this place.
 E = Time spent auto-exploring this place.
 F = Levels seen in this place.
 G = Mean time per level.
                   A        B        C        D        E       F      G
               +--------+--------+--------+--------+--------+-----+--------+
         Total |   3177 |   3078 |     99 |     11 |   2732 |   4 |  794.2 |
       Dungeon |   3177 |   3078 |     99 |     11 |   2732 |   4 |  794.2 |
               +--------+--------+--------+--------+--------+-----+--------+

Top non-repeatable levels by time:
     D:1: 1121 daAuts
     D:2: 862 daAuts
     D:3: 851 daAuts
     D:4: 342 daAuts
